Unix NetHack Version 5.0.0-0 post-release - last build Jun 10 2026 00:39:30 (3ee93aec679c4c4259841fe613dc97188e26a321,branch:main).

Game began 2026-06-18 07:21:29, ended 2026-06-18 07:37:46.

LDaviesPeters, neutral female human Archeologist

                 ------------
                 |..........|           ---------
                 |..........|         ##...`...>|     -----------
                 |.......`..|         # |.......|#####..........|
                 |..{........#####    # |.......|#    |.........|
                 --.--|------#   #######........|#   #-.........-#
 --------          ## #      #      ####-------.-#   #-----------#
 |+%%=..|           # #      #      ####   ##### #   ##          #
 |[)*.[.|           ###      #     # #############    ##         #
 |%??..e@#           ##      #  ######     #           #   #     #
 |??...@|a#         ###`     #######      -.-----------#   ###  ##
 |!!=!..| #  -------.---- ## ##  # #      |............#     ########
 |%%.%..| #  |:..........######### #      |...........|       #-----.-
 -------- #  |..........|  ### ##  #      |...........|        |.....|
          ###............    ---|--#      |...........|        ......|
             ------------    +....|#      |...........|        |<....|
                             |.(..|#      |...........|        -------
                             |..`..#      -------------
                             ------

LDaviesPeters the Field Worker  St:15 Dx:9 Co:11 In:15 Wi:15 Ch:11  Neutral
Dlvl:4  $:0  HP:0(36) Pw:15(15) AC:9  Xp:4 T:1834  Hungry  

Latest messages:
 Your whip slips from your hand.
 a - a +2 bullwhip.
 You are beginning to feel hungry.
 What do you want to eat? [duKL or ?*] ?
 It is not so easy to open this tin.
 The tin slips from your fingers.
 K - a tin.
 You no longer feel safe from acid.
 The little dog misses it.
 The little dog misses it.
 The little dog misses it.
 The little dog bites it.
 It hits the little dog.
 You stop waiting.
 What do you want to wield? [- anqyAN or ?*] a
 a - a +2 bullwhip (weapon in right hand).
 You lash the orc zombie.
 The orc zombie hits!
 You lash the orc zombie.
 The orc zombie hits!
 You miss the orc zombie.
 The orc zombie hits!
 You miss the orc zombie.
 You destroy the orc zombie!
 What do you want to eat? [duKL or ?*] K
 It is not so easy to open this tin.
 You hear someone counting gold coins.
 You stop opening the tin.
 You miss the giant ant.
 The giant ant bites!
 You hear someone counting gold coins.
 You miss the giant ant.
 The giant ant bites!
 You lash the giant ant.
 The giant ant bites!
 The giant ant bites!
 You miss the giant ant.
 The giant ant bites!
 You miss the giant ant.
 The giant ant bites!
 The giant ant bites!
 You lash the giant ant.
 The giant ant bites!
 The giant ant bites!
 You miss the giant ant.
 The giant ant bites!
 The giant ant bites!
 You die...
 Hebiwerie gratefully inherits all your possessions.
 Do you want to see what you had when you died? [ynq] (y) q

Inventory:
 Weapons  (')')
  q - 7 +0 darts
  A - 8 cursed -2 shuriken
  y - a +0 elven dagger
  n - a +1 orcish dagger
  a - a +2 bullwhip (weapon in right hand)
  N - a +0 scimitar
 Armor    ('[')
  c - an uncursed +0 fedora (being worn)
  z - an uncursed +0 dwarvish cloak (being worn)
  h - an uncursed +0 leather jacket (being worn)
 Comestibles  ('%')
  L - an uncursed cram ration
  d - 5 uncursed food rations
  u - an uncursed lembas wafer
  K - an uncursed tin of boiled lichen
 Scrolls  ('?')
  x - an uncursed scroll of confuse monster
  j - an uncursed scroll of teleportation
 Rings    ('=')
  M - an uncursed ring of invisibility
 Tools    ('(')
  b - an uncursed sack containing 8 items
  k - an uncursed skeleton key
  f - a tinning kit (0:45)
 Gems/Stones  ('*')
  v - an uncursed fluorite stone
  I - an uncursed worthless piece of red glass
  g - an uncursed touchstone

Contents of the sack:
  19 gold pieces
  a blessed scroll of identify
  an uncursed potion of oil
  2 uncursed potions of levitation
  an uncursed potion of paralysis
  an uncursed potion of gain energy
  an uncursed potion of healing
  a +0 pick-axe

LDaviesPeters the Archeologist's attributes:

Background:
 You were a Field Worker, a level 4 female human Archeologist.
 You were neutral, on a mission for Camaxtli
 who was opposed by Quetzalcoatl (lawful) and Huhetotl (chaotic).
 You were right-handed.
 You were in the Dungeons of Doom, on level 4.
 You entered the dungeon 1834 turns ago.
 You had 86 experience points, 74 more were needed to attain level 5.

Basics:
 You had 0 out of 36 hit points.
 You had all 15 energy points (spell power).
 Your armor class was 9.
 Your wallet was empty, but
 you had 19 zorkmids stashed away in your pack.
 Autopickup was off.

Final Characteristics:
 Your strength was 15 (limit:18/100).
 Your dexterity was 9 (limit:18).
 Your constitution was 11 (limit:18).
 Your intelligence was 15 (limit:18).
 Your wisdom was 15 (limit:18).
 Your charisma was 11 (limit:18).

Final Status:
 You were hungry.
 You were unencumbered.
 You were wielding a whip.
 You had basic skill with whip.

Final Attributes:
 You were devoutly aligned.
 Your items were somewhat protected from fire.
 Your items were somewhat protected from cold.
 You had automatic searching.
 You were warded.
 You were lucky.
 You are dead.

Miscellaneous:
 You didn't encounter any bones levels.
 Total elapsed playing time was 16 minutes and 15 seconds.

Major events:
 Turn
    1: LDaviesPeters the neutral female human Archeologist entered the dungeon
  788: attained the rank of Field Worker (level 3)
  952: entered the Gnomish Mines
 1834: killed by a giant ant

You didn't know any spells.

Skills:
 Fighting Skills
   bare handed combat [Unskilled]
   two weapon combat  [Unskilled]
   riding             [Unskilled]
 Weapon Skills
   dagger             [Unskilled]
   knife              [Unskilled]
   pick-axe           [Basic]
   short sword        [Unskilled]
   saber              [Unskilled]
   club               [Unskilled]
   quarterstaff       [Unskilled]
   sling              [Unskilled]
   dart               [Unskilled]
   boomerang          [Unskilled]
   whip               [Basic]
   unicorn horn       [Unskilled]
 Spellcasting Skills
   attack spells      [Unskilled]
   healing spells     [Unskilled]
   divination spells  [Unskilled]
   matter spells      [Unskilled]

Voluntary challenges:
 Character rerolling was not enabled.
 You never genocided any monsters.
 You never polymorphed an object.
 You never changed form.
 You used no wishes.
Achievements:
 You attained the rank of Field Worker.
 You entered the Gnomish Mines.
 You entered a shop.

 The Dungeons of Doom: levels 1 to 5
    Level 1:
    Level 2:
       An altar.
    Level 3:
       Stairs down to The Gnomish Mines.
    Level 4: <- You were here.
       A general store, a fountain.
       Final resting place for
          you, killed by a giant ant.
    Level 5:
 The Gnomish Mines:
    Level 4:


Vanquished creatures:
  a homunculus
 an orc zombie
 an acid blob
  a coyote
  a hobbit
  a large kobold
  2 hobgoblins
  a yellow mold
  a gnome
  a gecko
  3 jackals
  2 foxes
  3 goblins
  a sewer rat
  2 grid bugs
  a bat
  4 lichens
  4 newts
31 creatures vanquished.

No species were genocided or became extinct.

Game over:
                       ----------
                      /          \
                     /    REST    \
                    /      IN      \
                   /     PEACE      \
                  /                  \
                  |  LDaviesPeters   |
                  |       0 Au       |
                  |   killed by a    |
                  |    giant ant     |
                  |                  |
                  |                  |
                  |       2026       |
                 *|     *  *  *      | *
        _________)/\\_//(\/(/\)/\//\/|_)_______

Goodbye LDaviesPeters the Archeologist...

You died in The Dungeons of Doom on dungeon level 4 with 544 points,
and 0 pieces of gold, after 1834 moves.
You were level 4 with a maximum of 36 hit points when you died.

